Map: Ever Dream LE

Players

Nexwap

  • Race: Terran Terran
  • League: Gold
  • Spawn Location: 1:00

antagomiR - Winner!

  • Race: Protoss Protoss
  • League: Gold
  • Spawn Location: 7:00

VOD

Have the link to the VOD?

Description

Time

  • Played on: April 7, 2020, 4:30 p.m.
  • Length: 21:22
Show
View Real Time Build Order
Export as new Build Order

Nexwap Terran 

Build Orders:  

Get SALT Encoding   

  12  0:01  SCV  
  13  0:18  SCV, Supply Depot  
  14  0:25  Refinery  
  14  0:30  SCV  
  15  0:43  Barracks  
  15  0:45  SCV  
  16  0:56  Refinery  
  16  0:58  SCV  
  17  1:13  Supply Depot  
  17  1:14  SCV  
  18  1:40  Factory  
  18  1:42  Barracks Tech Lab  
  18  1:51  SCV  
  19  2:04  Orbital Command  
  19  2:08  Marauder  
  21  2:38  Siege Tank  
  21  2:41  Marine  
  25  2:56  Command Center  
  25  2:59  SCV  
  25  3:01  Marine  
  27  3:12  SCV  
  28  3:19  Marine  
  29  3:24  SCV  
  30  3:32  Supply Depot  
  30  3:36  Marine  
  31  3:47  Engineering Bay  
  31  3:52  Armory  
  31  3:56  Armory  
  31  4:01  Supply Depot  
  31  4:03  Marine  
  31  4:05  SCV  
  31  4:07  Siege Tank  
  36  4:21  Starport  
  36  4:26  SCV  
  36  4:27  Starport  
  36  4:30  Marine  
  38  4:36  Orbital Command  
  38  4:40  SCV  
  39  4:47  Marine  
  40  5:14  Supply Depot  
  40  5:19  Supply Depot  
  40  5:24  Starport Tech Lab  
  40  5:25  Starport Tech Lab  
  40  5:27  Marine  
  41  5:28  Refinery  
  41  5:38  Fusion Core  
  41  5:41  SCV  
  42  5:45  Marine  
  43  5:53  SCV  
  44  5:58  Terran Vehicle And Ship Armor Level 1  
  44  5:59  Terran Ship Weapons Level 1  
  44  6:05  Supply Depot  
  44  6:08  Supply Depot  
  44  6:17  SCV  
  45  6:29  SCV  
  45  6:31  Marine, Refinery  
  45  6:32  Supply Depot  
  47  6:55  SCV  
  47  7:01  Battlecruiser x2  
  60  7:27  Engineering Bay  
  60  7:31  SCV  
  61  8:03  Missile Turret x2  
  61  8:08  Missile Turret  
  61  8:16  Missile Turret  
  61  8:18  Missile Turret  
  61  8:21  Missile Turret  
  61  8:22  Terran Ship Weapons Level 2  
  61  8:23  Terran Vehicle And Ship Armor Level 2  
  61  8:52  Battlecruiser x2  
  61  8:54  SCV  
  74  9:29  Barracks Reactor  
  74  9:31  Siege Tank  
  74  9:34  Weapon Refit  
  77  9:57  Battlecruiser x2  
  89  10:07  Supply Depot  
  89  10:11  Marine x2  
  89  10:13  Siege Tank  
  94  10:15  SCV  
  95  10:29  Marine x2  
  95  10:30  Supply Depot  
  97  10:45  Siege Tank  
  100  11:02  Battlecruiser x2  
  112  11:04  SCV  
  113  11:28  Supply Depot  
  113  11:40  Marine x2  
  113  11:42  Siege Tank  
  118  11:51  Supply Depot  
  118  11:58  Marine x2  
  120  12:10  Battlecruiser  
  120  12:13  Battlecruiser  
  132  12:30  Marine x2  
  134  13:05  Supply Depot  
  134  13:26  Marine x2, Siege Tank  
  139  13:35  Supply Depot  
  139  13:57  Battlecruiser  
  139  13:58  Marine x2, Supply Depot  
  139  14:02  Battlecruiser  
  118  14:16  Marine  
  116  14:28  Supply Depot  
  116  15:01  Battlecruiser  
  116  15:06  Battlecruiser  
  128  15:23  Terran Ship Weapons Level 3  
  74  16:42  Battlecruiser  
  74  16:57  Command Center  
  74  17:08  Orbital Command  
  74  17:30  Refinery  
  74  17:36  Refinery  
  56  18:50  Battlecruiser  
  62  19:03  Refinery  
  62  19:09  Refinery, Orbital Command  
  62  19:24  Battlecruiser  
  68  19:38  SCV  
  69  19:46  Marine x2  
  69  19:50  SCV  
  72  20:00  Battlecruiser  
  72  20:04  Marine x2, SCV  
  81  20:10  SCV  
  82  20:16  SCV  
  86  20:22  Marine x2, SCV  
  86  20:28  SCV  
  87  20:34  SCV  
  94  20:39  Marine x2  
  94  20:40  SCV  
  97  20:52  SCV  
  98  20:57  Marine x2  
  100  21:04  SCV  
Show
View Real Time Build Order
Export as new Build Order

antagomiR Protoss - Winner!

Build Orders: 1 Gate Expand, Archon Immortal 

Get SALT Encoding   

  12  0:01  Probe  
  13  0:13  Probe  
  14  0:19  Pylon  
  14  0:26  Probe  
  15  0:38  Gateway  
  15  0:41  Probe (Chrono Boost)  
  16  0:52  Probe (Chrono Boost), Assimilator  
  17  0:57  Probe (Chrono Boost)  
  18  1:07  Probe  
  19  1:19  Probe  
  20  1:27  Nexus  
  20  1:32  Probe  
  21  1:40  Cybernetics Core  
  21  1:49  Pylon  
  21  1:53  Probe  
  22  2:05  Probe  
  23  2:20  Pylon  
  23  2:23  Assimilator  
  23  2:25  Probe  
  24  2:37  Probe  
  24  2:39  Adept  
  27  2:50  Shield Battery  
  27  2:51  Probe x2  
  29  2:59  Robotics Facility  
  29  3:03  Probe  
  29  3:04  Probe  
  31  3:17  Gateway  
  31  3:18  Gateway  
  31  3:20  Probe x2  
  31  3:23  Warp Gate (Chrono Boost)  
  31  3:24  Adept  
  33  3:32  Probe x2  
  37  3:44  Probe x2  
  37  3:47  Observer  
  40  3:55  Sentry  
  42  3:56  Probe x2  
  43  4:08  Probe x2, Observer  
  46  4:16  Stalker  
  48  4:19  Zealot  
  50  4:29  Immortal  
  50  4:31  Assimilator  
  54  4:35  Pylon  
  54  4:37  Pylon  
  54  4:54  Probe x2  
  56  5:03  Robotics Bay  
  56  5:06  Probe x2  
  58  5:18  Probe x2  
  58  5:20  Immortal  
  64  5:30  Probe x2  
  66  5:42  Probe x2  
  68  5:44  Sentry  
  68  5:49  Nexus  
  70  5:53  Extended Thermal Lance (Chrono Boost)  
  70  6:00  Pylon  
  70  6:07  Forge x2  
  70  6:11  Shield Battery  
  70  6:16  Pylon  
  70  6:18  Probe x2, Immortal  
  76  6:31  Stalker  
  78  6:37  Shield Battery  
  78  6:39  Probe x2  
  80  6:43  Zealot  
  80  6:44  Zealot  
  80  6:45  Protoss Ground Weapons Level 1 (Chrono Boost)  
  80  6:46  Protoss Ground Armor Level 1 (Chrono Boost), Assimilator  
  84  6:51  Probe x2  
  86  6:56  Twilight Council  
  86  7:07  Probe x2  
  88  7:09  Probe, Assimilator  
  89  7:19  Probe x2  
  89  7:21  Gateway  
  89  7:22  Probe  
  92  7:28  Gateway  
  92  7:32  Gateway  
  92  7:35  Gateway  
  92  7:36  Gateway  
  92  7:38  Photon Cannon  
  92  7:41  Photon Cannon  
  92  7:48  Zealot x3  
  98  7:53  Photon Cannon  
  98  8:02  Robotics Facility  
  98  8:13  Zealot  
  100  8:26  Probe  
  101  8:28  Templar Archives  
  101  8:31  Pylon  
  101  8:34  Pylon  
  101  8:36  Pylon  
  101  8:39  Pylon  
  101  8:40  Protoss Ground Weapons Level 2 (Chrono Boost)  
  101  8:42  Protoss Ground Armor Level 2 (Chrono Boost)  
  101  8:43  Assimilator  
  101  8:49  Probe x3  
  101  8:50  Immortal  
  108  9:01  Probe x2  
  110  9:09  Pylon  
  110  9:12  Pylon  
  110  9:22  High Templar x2  
  110  9:23  High Templar x3  
  110  9:24  High Templar  
  122  9:26  Archon  
  122  9:27  Archon  
  122  9:30  Colossus  
  128  9:45  High Templar  
  130  9:54  Pylon  
  130  9:57  Pylon  
  130  10:00  Stargate  
  130  10:07  Stargate  
  130  10:19  Shield Battery  
  130  10:20  Stalker x3  
  130  10:21  Stalker x4  
  144  10:46  Nexus  
  144  10:48  Fleet Beacon  
  144  10:49  Pylon  
  144  10:50  Probe x3  
  144  10:51  Pylon  
  147  11:02  Probe  
  152  11:04  Immortal x2  
  152  11:09  Probe x2  
  158  11:17  Stargate  
  158  11:24  High Templar  
  160  11:32  Assimilator  
  160  11:35  Assimilator  
  160  11:43  Immortal x2  
  160  11:44  Shield Battery  
  168  12:01  Photon Cannon  
  168  12:02  Pylon, Tempest x3 (Chrono Boost), Photon Cannon  
  168  12:03  Photon Cannon  
  168  12:06  Photon Cannon  
  183  12:08  Photon Cannon  
  184  12:15  Probe x2  
  184  12:16  Probe  
  186  12:27  Probe  
  183  12:31  Stalker x2  
  183  12:32  Stalker x3  
  188  12:37  Tempest  
  171  12:57  Archon  
  171  12:58  Stalker x2  
  171  13:11  Stalker  
  147  13:29  Tempest (Chrono Boost)  
  156  13:37  Tempest x2 (Chrono Boost)  
  144  14:06  Tempest  
  119  14:11  Immortal  
  119  14:12  Tempest x2  
  125  14:39  Pylon  
  125  14:42  Pylon  
  125  14:48  Pylon  
  125  14:49  Tempest  
  130  14:56  Tempest  
  130  14:57  Immortal  
  139  15:07  Pylon  
  139  15:09  Pylon  
  139  15:11  Probe x2, Pylon, Archon  
  139  15:13  Pylon  
  141  15:23  Probe x2, Pylon, Tempest  
  141  15:24  Pylon  
  148  15:32  Tempest  
  148  15:35  Probe  
  154  15:36  Immortal  
  154  15:39  Tempest  
  163  15:49  Pylon  
  163  15:52  Pylon  
  141  16:31  Stalker x2  
  115  16:33  Tempest x3 (Chrono Boost)  
  130  17:05  Probe x2  
  130  17:07  Tempest x3 (Chrono Boost)  
  147  17:17  Probe x2  
  147  17:18  Nexus  
  147  17:21  Assimilator  
  149  17:26  Assimilator  
  149  17:36  Protoss Air Weapons Level 1 (Chrono Boost)  
  109  18:13  Tempest x3  
  124  18:56  Tempest x2  
  134  19:09  Stalker x2  
  138  19:17  Tempest  
  143  19:37  Gateway  
  143  19:39  Gateway, Tempest x2  
  143  19:41  Gateway  
  143  19:43  Gateway  
  153  19:53  Gateway  
  153  19:59  Tempest  
  158  20:07  Sentry  
  160  20:15  Stalker  
  162  20:22  Tempest x2  
  172  20:35  Stalker x3  
Tags
 
Composition
Archon Immortal
League
GoldGold
Matchup
PvT
Replay Pack
20200422
Spawn Locations
Cross Positions
Add a new tag
Caveats
  • Supply blocks, unpowered buildings, or Contaminate may cause inaccurate times.
  • Supply counts are checked every 10 seconds.